 Dungeon Crawl Stone Soup version 0.31-a0-1549-g5ff9445e89 (webtiles) character file.

Game seed: 4423673833429103581

59 Fodor the Shield-Bearer (level 3, -12/33 HPs)
             Began as a Minotaur Fighter on Jan 2, 2024.
             Mangled by an ogre
             ... wielding a +0 giant club
              (18 damage)
             ... on level 3 of the Dungeon.
             The game lasted 00:07:09 (1392 turns).

Fodor the Shield-Bearer (Minotaur Fighter)          Turns: 1392, Time: 00:07:09

Health: -12/33     AC:  8    Str: 22    XL:     3   Next: 78%
Magic:  0/0        EV:  9    Int:  5    God:
Gold:   131        SH:  4    Dex: 11    Spells: 2/2 levels left

rFire   + . .        j - +4 whip "Sarcophage" {antimagic, rF+ Dex+2}
rCold   . . .        c - +0 buckler
rNeg    . . .        b - +0 scale mail
rPois   .            (helmet restricted)
rElec   .            (no cloak)
rCorr   .            m - +0 pair of gloves
SInv    .            (no boots)
Will    .....        (no amulet) Stlth
                     (no ring)
HPRegen 0.25/turn    (no ring)
MPRegen 0.07/turn

%: no passive effects
@: no status effects
A: horns 2, retaliatory headbutt
a: no special abilities


You were on level 3 of the Dungeon.
You visited 1 branch of the dungeon, and saw 3 of its levels.

You collected 131 gold pieces.

Inventory:

Hand Weapons
 a - a +0 war axe
 j - the +4 whip "Sarcophage" (weapon) {antimagic, rF+ Dex+2}
   (You found it on level 2 of the Dungeon)

   Dex+2:     It affects your dexterity (+2).
   rF+:       It protects you from fire.
Armour
 b - a +0 scale mail (worn)
 c - a +0 buckler (worn)
 m - a +0 pair of gloves (worn)
Jewellery
 k - a ring of see invisible
Wands
 o - a wand of roots (12)
Scrolls
 e - 3 scrolls of identify {unknown}
 f - 2 scrolls of enchant armour {unknown}
 g - a scroll of amnesia {unknown}
 h - a scroll of fear {unknown}
 l - a scroll of fog {unknown}
 p - a scroll of vulnerability {unknown}
Potions
 d - 2 potions of might
 i - a potion of heal wounds {unknown}
 n - 3 potions of curing {unknown}


   Skills:
 + Level 4.1 Fighting
 + Level 3.1(3.2) Axes
 + Level 1.0(2.2) Maces & Flails
 + Level 4.1 Armour
 + Level 4.3 Shields


You had 2 spell levels left.
You didn't know any spells.
Your spell library contained the following spells:

 Spells                   Type           Power      Damage    Failure   Level
 Ensorcelled Hibernation  Hex/Ice        0%         N/A       94%         2
 Fugue of the Fallen      Necr           0%         N/A       99%         3
 Anguish                  Hex/Necr       0%         N/A       100%        4


Dungeon Overview and Level Annotations

Branches:
Dungeon (3/15)

Altars:


Innate Abilities, Weirdness & Mutations

You have a pair of horns on your head.
You reflexively headbutt those who attack you in melee.


Message History

Found a club.
You now have 131 gold pieces (gained 4).
A ribbon worm comes into view.
You hit the ribbon worm.
The ribbon worm is lightly wounded.
The ribbon worm bites you.
You whack the ribbon worm!
You headbutt the ribbon worm, but do no damage.
The ribbon worm is severely wounded.
You hit the ribbon worm.
The ribbon worm is almost dead.
The ribbon worm bites you but does no damage.
You whack the ribbon worm!
You kill the ribbon worm!
Your base Maces & Flails skill increases to level 1!
There is a stone staircase leading down here.
There is a stone staircase leading up here.
Found a scroll labelled GUMUSAX ZIKE.
p - a scroll labelled GUMUSAX ZIKE
There is a stone staircase leading up here.
You see here a +0 club.
You see here a stone.
There is a stone staircase leading down here.
There is a stone staircase leading down here.
You climb downwards.
Found a stone staircase leading up.
There is a stone staircase leading up here.
You hit the ogre but do no damage. The ogre hits you with a +0 giant club!
You barely miss the ogre. You headbutt the ogre!
The ogre is moderately wounded.
You hit the ogre. You headbutt the ogre.
The ogre is heavily wounded.
The ogre hits you with a +0 giant club!!
Ouch! That really hurt!
* * * LOW HITPOINT WARNING * * *
You hit the ogre.
The ogre is heavily wounded.
The ogre hits you with a +0 giant club!!
Ouch! That really hurt!
You die...

#. ### #.
<. #. .#
##.##.#
.....#
#...# #
#<..#.####
#.........
##@.#.###.
#O.# #
#..# #..#
#..# #...
..## ###


You could see an ogre.

Vanquished Creatures
  2 adders (D:2)
  2 dart slugs
  A ribbon worm (D:2)
  7 ball pythons
  2 bats (D:2)
  4 endoplasms
  2 giant cockroaches
  4 goblins
  2 hobgoblins (D:1)
  A quokka (D:2)
  2 frilled lizards
  A kobold (D:2)
  3 rats
33 creatures vanquished.

Notes
Turn   | Place    | Note
-------+----------+-------------------------------------------
     0 | D:1      | Fodor the Minotaur Fighter began the quest for the Orb.
     0 | D:1      | Reached XP level 1. HP: 19/19 MP: 0/0
   106 | D:1      | Reached XP level 2. HP: 26/27 MP: 1/1
   854 | D:2      | Identified the +4 whip "Sarcophage" {antimagic, rF+ Dex+2}
   890 | D:2      | Reached XP level 3. HP: 32/33 MP: 0/2
  1192 | D:2      | Reached skill level 1 in Maces & Flails
  1385 | D:3      | Noticed an ogre
  1392 | D:3      | Mangled by an ogre

Illustrated notes

Levels and vault maps discovered:
D:1:      dpeg_arrival_pond, layout_loops_ring, st_stairs_14
D:2:      layout_basic
D:3:      layout_loops_ring, lemuel_crystal_altar, serial_shops, shop

Skill      XL: |  1  2  3 |
---------------+----------+-----
Fighting       | 4 |  4.1
Armour         | 4 |  4.1
Shields        | 4 |  4.3
Axes           | 3 |  3.1
Maces & Flails | 1 |  1.0

Action                     || total
---------------------------++-------
  Melee: War axe           ||    40
         Headbutt          ||    14
         Whip              ||    29
 Armour: Scale mail        ||    47
  Dodge: Dodged            ||    32
  Block: Buckler           ||    15

Table legend: (Time is in decaauts)
 A = Elapsed time spent in this place.
 B = Non-inter-level travel time spent in this place.
 C = Inter-level travel time spent in this place.
 D = Time resting spent in this place.
 E = Time spent auto-exploring this place.
 F = Levels seen in this place.
 G = Mean time per level.
                   A        B        C        D        E       F      G
               +--------+--------+--------+--------+--------+-----+--------+
         Total |   1407 |   1387 |     20 |      0 |      0 |   3 |  469.0 |
       Dungeon |   1407 |   1387 |     20 |      0 |      0 |   3 |  469.0 |
               +--------+--------+--------+--------+--------+-----+--------+

Top non-repeatable levels by time:
     D:1: 746 daAuts
     D:2: 654 daAuts
     D:3: 6 daAuts
